AoeStats
← Timeskip

Lombardia

509605806Analyzed
4v4 RM · 4d ago on Sep 27, 2026· 42m 54s· 8 players
Game mode
Random Map
Map size
Large (8 player)
Population
200
Speed
Normal
Resources
Standard
Victory
Conquest
Starting age
Dark Age
Ending age
Imperial Age
RankedLock teamsTeams togetherTeam positionsShared explorationLock speedFull tech treeHidden civsTurbo modeCheats
Victory
Defeat
🇩🇪 Bohemians · Germany
1653
+8
🇩🇪 Lithuanians · Germany
1502
+13
🇸🇮 Mongols · Slovenia
1454
+15
🇨🇳 Hindustanis · China
1416
+17
🇨🇦 Poles · Canada
1507
-16
1456
-14
🇨🇳 Portuguese · China
1410
-12
🇦🇷 Huns · Argentina
1400
-11
Eye
6:40 Loom
6:46 Loom
9:01 Feudal Age
10:03 Double-Bit Axe
9:59 Horse Collar
21:11 Castle Age
20:22 Gold Mining
20:23 Stone Mining
20:58 Bloodlines
22:02 Fletching
23:01 Bodkin Arrow
23:47 Husbandry
27:38 Padded Archer Armor
32:49 Ballistics
36:06 Imperial Age
35:17 Wheelbarrow
35:08 Fortified Wall
36:29 Elite Mangudai
37:54 Conscription
38:13 Bracer
39:13 Parthian Tactics
40:23 Chemistry
39:34 Town Watch
40:05 Hand Cart
40:24 Leather Archer Armor
40:37 Thumb Ring
40:47 Caravan
43:06 Hoardings
43:35 Bow Saw
43:25 Heavy Plow
44:01 Gold Shaft Mining
44:03 Stone Shaft Mining
Timeskip
7:30 Loom
11:12 Feudal Age
15:18 Castle Age
13:32 Double-Bit Axe
14:24 Horse Collar
16:13 Bow Saw
16:05 Heavy Plow
21:20 Wheelbarrow
23:34 Fervor
23:52 Hand Cart
25:24 Town Watch
29:29 Imperial Age
27:51 Wagenburg Tactics
28:22 Fortified Wall
30:30 Chemistry
29:51 Ballistics
29:49 Fletching
31:02 Elite Hussite Wagon
32:02 Conscription
31:40 Bodkin Arrow
31:58 Masonry
33:04 Siege Engineers
35:01 Two-Man Saw
35:02 Architecture
34:56 Houfnice
37:01 Arrowslits
38:30 Caravan
40:02 Forging
39:56 Bracer
42:48 Murder Holes
42:55 Padded Archer Armor
胖过
10:11 Feudal Age
13:47 Castle Age
12:12 Double-Bit Axe
12:59 Horse Collar
15:47 Bow Saw
19:07 Stone Mining
20:42 Wheelbarrow
20:22 Gold Mining
24:13 Gold Shaft Mining
24:21 Grand Trunk Road
24:37 Hand Cart
24:09 Loom
28:30 Imperial Age
26:39 Husbandry
26:49 Bloodlines
26:48 Scale Barding Armor
26:54 Forging
27:23 Forging
29:08 Chain Barding Armor
29:33 Iron Casting
29:28 Heavy Plow
28:53 Heavy Camel Rider
29:33 Town Watch
30:45 Plate Barding Armor
33:45 Two-Man Saw
33:16 Imperial Camel Rider
34:27 Conscription
35:47 Chemistry
35:08 Ballistics
37:39 Blast Furnace
36:29 Fletching
38:29 Light Cavalry
40:16 Bodkin Arrow
40:36 Masonry
40:32 Siege Engineers
40:35 Hussar
Laljia
11:17 Feudal Age
15:28 Castle Age
13:50 Double-Bit Axe
14:08 Horse Collar
16:43 Bow Saw
16:37 Heavy Plow
19:31 Loom
21:37 Fervor
23:20 Sanctity
23:10 Stone Mining
25:13 Wheelbarrow
24:26 Town Watch
27:29 Hand Cart
27:06 Fletching
29:49 Imperial Age
27:20 Town Patrol
27:56 Scale Barding Armor
28:03 Forging
28:07 Gold Mining
28:55 Stone Shaft Mining
28:02 Treadmill Crane
28:43 Ballistics
29:44 Chain Barding Armor
30:02 Iron Casting
29:59 Masonry
30:25 Bloodlines
30:25 Hill Forts
31:07 Plate Barding Armor
31:10 Conscription
31:03 Husbandry
30:50 Light Cavalry
34:02 Elite Leitis
36:32 Two-Man Saw
36:05 Crop Rotation
36:34 Winged Hussar
38:49 Architecture
42:23 Bodkin Arrow
43:18 Hoardings
42:44 Hill Forts
42:46 Padded Archer Armor
42:54 Murder Holes
Retired SweatLord
8:41 Feudal Age
8:36 Loom
12:01 Town Watch
12:46 Double-Bit Axe
19:15 Castle Age
17:06 Horse Collar
17:44 Gold Mining
21:10 Scale Barding Armor
21:16 Forging
22:57 Szlachta Privileges
25:20 Chain Barding Armor
26:04 Bloodlines
26:26 Husbandry
30:39 Wheelbarrow
31:40 Bow Saw
36:47 Imperial Age
36:57 Heavy Plow
37:17 Hand Cart
38:34 Lechitic Legacy
39:05 Iron Casting
37:53 Light Cavalry
38:55 Winged Hussar
都挺好
10:26 Feudal Age
14:39 Castle Age
12:30 Double-Bit Axe
13:44 Fletching
15:14 Padded Archer Armor
18:48 Loom
23:41 Leather Archer Armor
24:18 Bow Saw
24:45 Bloodlines
26:25 Wheelbarrow
25:49 Horse Collar
26:24 Husbandry
27:24 Bodkin Arrow
31:12 Imperial Age
28:58 Heavy Plow
30:15 Town Watch
33:01 Chemistry
32:22 Ballistics
32:04 Bracer
31:31 Heavy Cavalry Archer
32:23 Gold Mining
33:51 Two-Man Saw
34:28 Scale Barding Armor
35:04 Gold Shaft Mining
35:20 Hand Cart
36:05 Parthian Tactics
37:02 Masonry
37:14 Chain Barding Armor
36:55 Scale Mail Armor
37:05 Forging
36:20 Capped Ram
37:05 Siege Ram
38:40 Conscription
39:39 Chain Mail Armor
40:00 Iron Casting
40:26 Caravan
42:07 Stone Mining
What's bro yappin about?
10:01 Feudal Age
11:03 Double-Bit Axe
11:52 Horse Collar
13:07 Bloodlines
17:00 Wheelbarrow
20:09 Castle Age
19:28 Forging
21:14 Bow Saw
23:22 Heavy Plow
25:59 Hand Cart
33:03 Imperial Age
31:09 Scale Barding Armor
31:16 Loom
31:16 Town Watch
32:01 Padded Archer Armor
31:51 Fletching
33:02 Husbandry
33:18 Bodkin Arrow
33:38 Leather Archer Armor
34:07 Bracer
34:07 Heavy Mounted Crossbowman
35:35 Ring Archer Armor
34:58 Cranequins
36:56 Ballistics
37:37 Chemistry
37:37 Iron Casting
37:22 Chain Barding Armor
37:55 Pikeman
38:35 Squires
38:21 Arson
38:22 Gambesons
38:39 Scale Mail Armor
39:10 Conscription
39:27 Halberdier
2067
11:01 Feudal Age
12:42 Loom
15:01 Castle Age
12:53 Double-Bit Axe
14:14 Stone Mining
14:40 Horse Collar
15:58 Bow Saw
18:34 Loom
21:03 Wheelbarrow
21:28 Gold Mining
29:22 Imperial Age
30:16 Fortified Wall
30:46 Town Watch
34:05 Bow Saw
35:05 Siege Engineers
36:02 Chemistry
34:48 Treadmill Crane
35:15 Siege Engineers
35:03 Fletching
36:00 Bodkin Arrow
36:17 Masonry
37:48 Conscription
37:03 Elite Organ Gun
Connection lost

Rejoining the realm…

Still unreachable

The connection could not be restored.

Session expired

The server has moved on; the page needs a fresh start.